 Dungeon Crawl Stone Soup version 0.26-a0-665-gefeb406119 (webtiles) character file.

Game seed: 4426309313566717160

326 grandjackal the Ducker (level 6, -3/48 HPs)
             Began as a Demonspawn Gladiator on Oct 15, 2020.
             Slain by a worker ant (5 damage)
             ... on level 4 of the Dungeon.
             The game lasted 00:05:18 (3290 turns).

grandjackal the Ducker (Demonspawn Gladiator)       Turns: 3290, Time: 00:05:18

Health: -3/48      AC:  4    Str: 14 (16) XL:     6   Next: 24%
Magic:  6/6        EV: 17    Int:  6 (9)  God:
Gold:   243        SH:  0    Dex: 20 (21) Spells: 5/5 levels left

rFire    . . .     SeeInvis .   a - +0 long sword
rCold    . . .     Faith    .   (no shield)
rNeg     . . .     Spirit   .   b - +0 leather armour
rPois    .         Reflect  .   c - +0 helmet
rElec    .         Harm     .   (no cloak)
rCorr    .         Rampage  .   (no gloves)
MR       .....                  (no boots)
Stlth    ++........             (no amulet)
HPRegen  0.16/turn              r - +6 ring of dexterity
MPRegen  0.10/turn              (no ring)

@: lethally poisoned (-3 -> -12)
A: claws 1, repulsion field 2
a: no special abilities


You were on level 4 of the Dungeon.
You visited 1 branch of the dungeon, and saw 4 of its levels.

You collected 243 gold pieces.

Inventory:

Hand Weapons
 a - a +0 long sword (weapon)
Missiles
 d - 3 throwing nets
 p - 8 curare-tipped darts (quivered)
Armour
 b - a +0 leather armour (worn)
 c - a +0 helmet (worn)
Jewellery
 r - a +6 ring of dexterity (left claw)
Scrolls
 f - 5 scrolls of remove curse {unknown}
 g - 2 scrolls of immolation {unknown}
 i - 2 scrolls of magic mapping {unknown}
 k - 5 scrolls of identify {unknown}
 m - 2 scrolls of fog {unknown}
 n - a scroll of teleportation {unknown}
 q - a scroll of amnesia {unknown}
Potions
 e - a potion of degeneration
 h - a potion of curing {unknown}
 j - 2 potions of might {unknown}
 l - 2 potions of brilliance {unknown}
 o - a potion of berserk rage {unknown}


   Skills:
 + Level 3.7 Fighting
 - Level 2.8 Long Blades
 - Level 1.7 Throwing
 + Level 4.0 Dodging
 * Level 3.7 Unarmed Combat


You had 5 spell levels left.
You didn't know any spells.
Your spell library was empty.

Dungeon Overview and Level Annotations

Branches:
Dungeon (4/15)
 Temple: D:4-7

Altars:
Sif Muna
Trog
Yredelemnul


Innate Abilities, Weirdness & Mutations

You have sharp fingernails.
You are surrounded by a moderate repulsion field. (EV +3)


Message History

The worker ant misses you. x2
You closely miss the centaur.
The centaur is severely wounded.
* * * LOW HITPOINT WARNING * * *
You feel sick. The centaur hits you!
* * * LOW HITPOINT WARNING * * *
The worker ant misses you. The centaur closely misses you.
The worker ant barely misses you.
You riposte.
You hit the worker ant.
The worker ant is moderately wounded.
The worker ant barely misses you.
Unknown command.
It was a potion of degeneration.
There was something very wrong with that liquid.
You feel weakened.
You feel dopey.
You feel clumsy.
* * * LOW HITPOINT WARNING * * *
You feel sick. The centaur closely misses you.
You riposte.
You hit the centaur but do no damage.
The centaur is severely wounded.
The worker ant bites you.
You die...

#. #.# ##?# #.# #...
#.# . ##... #.. ..
..... ####.# ... ##).#
. ....# ... ##..# #.
#Bc# ..# #.##..†# #.
#B@#...# #.#....#
#..##.(....#####.......
#....####.#........)..
####>.# ..........)[.
##.# ........#.... #>#
#.......#.... #.#
#<........... #.#
##............ ###.#
#.............


You could see a centaur and 2 worker ants.

Vanquished Creatures
  An ogre (D:4)
  A scorpion (D:2)
  A jelly (D:3)
  An orc wizard (D:4)
  A worker ant (D:4)
  2 adders
  A white imp (D:3)
  5 worms
  2 dart slugs
  4 orcs (D:4)
  3 ball pythons
  6 giant cockroaches
  7 goblins
  5 hobgoblins
  3 quokkas
  10 bats
  3 frilled lizards
  11 kobolds
  8 rats
75 creatures vanquished.

Notes
Turn   | Place    | Note
-------+----------+-------------------------------------------
     0 | D:1      | grandjackal the Demonspawn Gladiator began the quest for
                  | the Orb.
     0 | D:1      | Reached XP level 1. HP: 16/16 MP: 1/1
   213 | D:1      | Gained mutation: You have sharp fingernails. [demonic
                  | ancestry]
   213 | D:1      | Reached XP level 2. HP: 22/22 MP: 2/2
   562 | D:1      | Reached skill level 3 in Dodging
   875 | D:2      | Noticed a scorpion
   882 | D:2      | Killed a scorpion
   882 | D:2      | Reached skill level 1 in Unarmed Combat
   882 | D:2      | Gained mutation: You are surrounded by a mild repulsion
                  | field. (EV +2) [demonic ancestry]
   882 | D:2      | Reached XP level 3. HP: 21/28 MP: 3/3
   882 | D:2      | Reached XP level 4. HP: 25/34 MP: 4/4
  1630 | D:2      | You fall into a shaft and drop 1 floor!
  2259 | D:3      | Gained mutation: You are surrounded by a moderate repulsion
                  | field. (EV +3) [demonic ancestry]
  2259 | D:3      | Reached XP level 5. HP: 35/41 MP: 5/5
  2354 | D:3      | Found a shimmering blue altar of Sif Muna.
  2830 | D:4      | Noticed an ogre
  2843 | D:4      | Killed an ogre
  2843 | D:4      | Reached XP level 6. HP: 29/47 MP: 6/6
  3119 | D:4      | Found a bloodstained altar of Trog.
  3119 | D:4      | Found a basalt altar of Yredelemnul.
  3128 | D:4      | Reached skill level 4 in Dodging
  3290 | D:4      | HP: 2/48 [poisoned by a worker ant]
  3290 | D:4      | Slain by a worker ant

Illustrated notes

Levels and vault maps discovered:
D:1:      eino_arrival_water_cross, layout_loops_ring
D:2:      layout_basic, st_stairs_5, minivault_25
D:3:      layout_rooms, led_sif_book, minmay_puff
D:4:      layout_rooms, chequers_temple_overflow_statue_of_worship,
          minmay_manual_mandibuliform

Skill      XL: |  1  2  3  4  5  6 |
---------------+-------------------+-----
Dodging        | 3 4 |  4.0
Unarmed Combat | 1 2 3 |  3.7
Fighting       | 3 |  3.7
Long Blades    | |  2.8
Throwing       | |  1.7

Action                   |  1- 3 |  4- 6 || total
-------------------------+-------+-------++-------
Melee: Long sword        |    40 |   149 ||   189
       Punch             |       |     7 ||     7
Throw: Dart              |       |     4 ||     4
  Use: Potion            |       |     1 ||     1
Armor: Leather armour    |    17 |    31 ||    48
Dodge: Dodged            |    30 |   185 ||   215
       Rpst.: Long sword |     8 |    58 ||    66

Table legend: (Time is in decaauts)
 A = Elapsed time spent in this place.
 B = Non-inter-level travel time spent in this place.
 C = Inter-level travel time spent in this place.
 D = Time resting spent in this place.
 E = Time spent auto-exploring this place.
 F = Levels seen in this place.
 G = Mean time per level.
                   A        B        C        D        E       F      G
               +--------+--------+--------+--------+--------+-----+--------+
         Total |   3338 |   3272 |     66 |    791 |   1924 |   4 |  834.5 |
       Dungeon |   3338 |   3272 |     66 |    791 |   1924 |   4 |  834.5 |
               +--------+--------+--------+--------+--------+-----+--------+

Top non-repeatable levels by time:
     D:2: 1185 daAuts
     D:3: 823 daAuts
     D:1: 806 daAuts
     D:4: 523 daAuts
